 Dungeon Crawl Stone Soup version 0.22.1 (webtiles) character file.

85 MalarOregon the Firebug (level 4, 0/36 HPs)
             Began as a Hill Orc Fire Elementalist on Sept 18, 2018.
             Slain by an orc
             ... wielding a +0 flail
              (3 damage)
             ... on level 3 of the Dungeon.
             The game lasted 00:03:43 (1937 turns).

MalarOregon the Firebug (HOFE)                      Turns: 1937, Time: 00:03:44

Health: 0/36       AC:  2    Str: 10    XL:     4   Next: 48%
Magic:  3/7        EV: 12    Int: 16    God:
Gold:   101        SH:  0    Dex: 11    Spells: 6/7 levels left

rFire    . . .     SeeInvis .   b - +0 mace
rCold    . . .     Gourm    .   (no shield)
rNeg     . . .     Faith    .   a - +0 robe
rPois    .         Spirit   .   (no helmet)
rElec    .         Reflect  .   (no cloak)
rCorr    .         Harm     .   (no gloves)
MR       .....                  (no boots)
Stlth    ++........             (no amulet)
HPRegen  0.12/turn              (no ring)
MPRegen  0.10/turn              (no ring)

@: no status effects
A: no striking features
a: no special abilities


You were on level 3 of the Dungeon.
You were not hungry.

You visited 1 branch of the dungeon, and saw 3 of its levels.

You collected 101 gold pieces.

Inventory:

Hand Weapons
 b - a +0 mace (weapon)
   (You found it on level 1 of the Dungeon)
Armour
 a - a +0 robe (worn)
 c - a +0 scale mail
   (You found it on level 1 of the Dungeon)
Jewellery
 o - an uncursed ring of ice {unknown}
   (You found it on level 2 of the Dungeon)
 s - an uncursed ring of see invisible {unknown}
   (You found it on level 3 of the Dungeon)
 t - a +4 ring of dexterity {unknown}
   (You found it on level 3 of the Dungeon)
 v - an uncursed amulet of magic regeneration {unknown}
   (You found it on level 3 of the Dungeon)
Scrolls
 d - 2 scrolls of magic mapping {unknown}
 g - 2 scrolls of remove curse {unknown}
 j - 4 scrolls of identify {unknown}
 k - a scroll of teleportation {unknown}
 m - a scroll of fear {unknown}
 n - a scroll of enchant weapon {unknown}
 p - a scroll of immolation {unknown}
Potions
 f - 3 potions of lignification {unknown}
 h - a potion of resistance {unknown}
 i - 2 potions of flight {unknown}
 q - a potion of curing {unknown}
 r - a potion of ambrosia {unknown}
 u - a potion of mutation {unknown}
 w - a potion of cancellation {unknown}
 x - a potion of heal wounds {unknown}
Comestibles
 e - 7 rations {!d}
 l - 5 chunks of flesh


   Skills:
 + Level 1.9 Fighting
 + Level 2.2 Dodging
 - Level 1.5 Stealth
 - Level 2.0 Spellcasting
 + Level 2.0 Conjurations
 + Level 3.9 Fire Magic


You had 6 spell levels left.
You knew the following spells:

 Your Spells              Type           Power        Failure   Level  Hunger
a - Flame Tongue          Conj/Fire      ##...        6%          1    #......

Your spell library contained the following spells:

 Spells                   Type           Power        Failure   Level  Hunger
 Throw Flame              Conj/Fire      ##....       10%         2    ###....
 Conjure Flame            Conj/Fire      ##......     19%         3    ###....
 Inner Flame              Hex/Fire       #.......     28%         3    ###....
 Sticky Flame             Conj/Fire      ##......     52%         4    #####..
 Fireball                 Conj/Fire      ##........   86%         5    ######.


Dungeon Overview and Level Annotations

Branches:
Dungeon (3/15)

Altars:
Cheibriados
Ru
The Shining One


Message History

Found 11 bolts.
You now have 101 gold pieces (gained 4).
Found a stone staircase leading down.
x - a metallic orange potion
Found a glowing golden altar of the Shining One.
Found a viscous black potion.
i - 2 viscous black potions (gained 1)
An orc comes into view. It is wielding a dagger.
The orc shouts!
You hear a shout!
An orc comes into view. It is wielding a flail.
Found 12 gold pieces and a dagger.
There are monsters nearby!
There are monsters nearby!
The orc shouts!
An orc wizard comes into view. It is wielding a dagger.
You can't see any susceptible monsters within range! (Use Z to cast anyway.)
Aim: an orc, wielding a dagger and wearing a leather armour The flame tongue hits the orc.
Aim: an orc, wielding a dagger and wearing a leather armour (lightly wounded)
The flame tongue misses the orc.
The flame tongue hits the orc.
Aim: an orc, wielding a dagger and wearing a leather armour (lightly wounded)
The flame tongue hits the orc.
The orc hits you with a dagger.
A dart slug comes into view.
Aim: an orc, wielding a dagger and wearing a leather armour (almost dead)
The flame tongue hits the orc.
You kill the orc!
Aim: an orc wizard, wielding a dagger and wearing a robe The flame tongue hits the orc wizard.
The orc barely misses you. The orc wizard casts a spell at you.
The magic dart hits you!
Aim: an orc wizard, wielding a dagger and wearing a robe (moderately wounded)
The flame tongue hits the orc wizard.
The orc misses you. The dart slug launches a dart at you.
The slug dart hits you!
* * * LOW HITPOINT WARNING * * *
The orc wizard casts a spell at you. The magic dart hits you!
* * * LOW HITPOINT WARNING * * *
The orc wizard gestures wildly while chanting.
The orc wizard seems to speed up.
The orc wizard gestures wildly while chanting.
The orc wizard blinks!
The orc wizard casts a spell at you. The magic dart hits you!
* * * LOW HITPOINT WARNING * * *
The orc wizard casts a spell at you. The magic dart hits you!
* * * LOW HITPOINT WARNING * * *
The orc hits you with a flail.
You die...

.###....##...+#.................
.###...##..⌠..##.................
..#...## .⌠.⌠..##................
#...### ⌠._.⌠..###..............
###...## .⌠.⌠..##................
# ##...##..⌠..##.................
# ###..##...##........).........
# #...## ##...o....w..)....... #
#.#..###..#@o..............) #
#.##..#...#................. #
#.....#.#.#..........)...... #
#.......#.#.................
##......#...................
#......##......(...........
#.........>................
#.....####.................
#.....# #.................


You could see an orc wizard, a dart slug and an orc.

Vanquished Creatures
  A worker ant (D:2)
  2 adders (D:2)
  An ooze (D:1)
  2 dart slugs (D:1)
  A leopard gecko (D:3)
  An orc (D:3)
  2 giant cockroaches
  3 goblins
  4 hobgoblins
  2 quokkas
  A ball python (D:2)
  7 bats
  A frilled lizard (D:1)
  5 kobolds
  2 rats (D:1)
35 creatures vanquished.

Notes
Turn   | Place    | Note
-------+----------+-------------------------------------------
     0 | D:1      | MalarOregon the Hill Orc Fire Elementalist began the quest
                  | for the Orb.
     0 | D:1      | Reached XP level 1. HP: 14/14 MP: 3/3
   259 | D:1      | Reached XP level 2. HP: 21/22 MP: 4/4
   376 | D:1      | Found a snail-covered altar of Cheibriados.
   382 | D:1      | Reached skill level 1 in Fighting
   881 | D:2      | Reached XP level 3. HP: 28/28 MP: 2/5
  1313 | D:2      | Reached XP level 4. HP: 34/36 MP: 0/7
  1341 | D:2      | Found a faded altar of an unknown god.
  1539 | D:2      | Found a sacrificial altar of Ru.
  1856 | D:3      | Found a glowing golden altar of the Shining One.
  1937 | D:3      | Slain by an orc

Skill      XL: |  1  2  3  4 |
---------------+-------------+-----
Fighting       | 1 |  1.9
Dodging        | 2 |  2.2
Spellcasting   | 2 |  2.0
Conjurations   | 2 |  2.0
Stealth        | |  1.5
Fire Magic     | |  3.9

Action                   |  1- 3 |  4- 6 || total
-------------------------+-------+-------++-------
Melee: Mace              |    29 |    19 ||    48
 Cast: Flame Tongue      |    28 |    23 ||    51
 Stab: Sleeping          |       |     1 ||     1
  Eat: Chunk             |     1 |     3 ||     4
Armor: Robe              |     7 |     7 ||    14
Dodge: Dodged            |    29 |    27 ||    56
